 Dungeon Crawl Stone Soup version 0.21.1-1-g345015fe64 (webtiles) character file.

66 Gargoyl the Skirmisher (level 3, 0/33 HPs)
             Began as a Centaur Abyssal Knight on June 15, 2018.
             Was a Follower of Lugonu.
             Slain by a goblin (4 damage)
             ... led by Robin
             ... on level 2 of the Dungeon.
             The game lasted 00:01:37 (1322 turns).

Gargoyl the Skirmisher (Centaur Abyssal Knight)     Turns: 1322, Time: 00:01:38

Health: 0/33       AC:  6    Str: 14    XL:     3   Next: 96%
Magic:  4/4        EV:  9    Int: 11    God:    Lugonu [*.....]
Gold:   59         SH:  0    Dex:  9    Spells: 2/2 levels left

rFire    . . .     SeeInvis .   a - +1 hand axe
rCold    . . .     Gourm    .   (no shield)
rNeg     . . .     Faith    .   b - +0 leather armour
rPois    .         Spirit   .   f - +0 helmet
rElec    .         Reflect  .   (no cloak)
rCorr    .         Harm     .   j - +0 pair of gloves
MR       .....                  (no barding)
Stlth    ..........             (no amulet)
HPRegen  0.11/turn              (no ring)
MPRegen  0.09/turn              (no ring)

@: very quick
A: large, hooves 3, deformed body, speed 2, tough skin 3
a: Depart the Abyss, Renounce Religion


You were on level 2 of the Dungeon.
You worshipped Lugonu.
Lugonu was aware of your devotion.
You were not hungry.

You visited 1 branch of the dungeon, and saw 2 of its levels.
You visited the Abyss 1 time.

You collected 59 gold pieces.

Inventory:

Hand Weapons
 a - a +1 hand axe (weapon)
Armour
 b - a +0 leather armour (worn)
 f - a +0 helmet (worn)
 j - a +0 pair of gloves (worn)
Scrolls
 d - a scroll of identify
Potions
 g - a potion of agility {unknown}
 i - a potion of magic {unknown}
Comestibles
 c - 4 rations


   Skills:
 + Level 3.9 Fighting
 + Level 2.2 Axes
 * Level 2.0 Armour
 + Level 0.9 Dodging
 * Level 2.4 Invocations


You had 2 spell levels left.
You didn't know any spells.

Dungeon Overview and Level Annotations

Branches:
Dungeon (2/15)

Altars:
Makhleb

Annotations:
D:2 Robin, Sigmund


Innate Abilities, Weirdness & Mutations

You have hooves in place of feet.
Armour fits poorly on your strangely shaped body.
You cover ground very quickly.
You have extremely tough skin. (AC +3)


Message History

You closely miss the goblin.
Sigmund hits you from afar with a scythe.
Robin says, "My army is invincible!"
Robin roars a battlecry!
The goblins go into a battle-frenzy!
The goblin hits you with a dagger. Robin throws the goblin at you!
A goblin comes into view. It is wielding a club.
You closely miss the goblin. Your kick misses the goblin. You hit the goblin.
You barely miss the goblin. The goblin hits you with a dagger.
Sigmund hits you but does no damage. The goblin hits you.
The goblin moves out of view.
Robin throws the goblin at you! The goblin hits you with a club.
The goblin hits you with a dagger.
A goblin comes into view. It is wielding a club.
Unknown command.
You closely miss the goblin. x2; You barely miss the goblin.
You hit the goblin but do no damage. The goblin barely misses you.
Sigmund hits you from afar with a scythe!
* * * LOW HITPOINT WARNING * * *
The goblin hits you.
You die...

*,**,*,,,,,*,,,,,,,_,,,,
*,**,*,,#.*,*,,*,,,,,,,*
*,,,,,,,..,**,,*,,,,,,,*
#..*****.#*,*,,**,,,,,**
#..* *..,,,*,****,****
*..* *.#,,,,,,,,,,,,,,
*#.* *.#,***********,*
#.#####g#.## *,*
#....g@ggg.# *,*
##...#g##gg#*********,*
#.###@#*,,.g.,,,,,,,,*
#.#*...*,,,,.,********
#.#*....,,,**,*
#.##...##*,**,* #.######
*,**,* #.# *,**,* #.#
*,**,*


You could see Sigmund, Robin and 8 goblins.

Vanquished Creatures
  An iron imp (Abyss:1)
  An adder (D:2)
  A worm (D:2)
  A dart slug (D:1)
  5 bats
  A giant cockroach (D:2)
  2 goblins (D:2)
  6 hobgoblins
  2 kobolds
  5 frilled lizards
  A rat (D:1)
26 creatures vanquished.

Notes
Turn   | Place    | Note
-------+----------+-------------------------------------------
     0 | Abyss:1  | Gargoyl the Centaur Abyssal Knight began the quest for the Orb.
     0 | Abyss:1  | Reached XP level 1. HP: 19/19 MP: 2/2
    33 | Abyss:1  | Noticed an iron imp
    40 | Abyss:1  | Killed an iron imp
    40 | Abyss:1  | Reached XP level 2. HP: 22/27 MP: 3/3
   129 | Abyss:2  | Noticed a smoke demon
   133 | D:1      | Escaped the Abyss
   180 | D:1      | Reached XP level 3. HP: 33/33 MP: 4/4
   478 | D:1      | Reached * piety under Lugonu
  1144 | D:2      | Found a burning altar of Makhleb.
  1317 | D:2      | Noticed Sigmund
  1318 | D:2      | Noticed Robin
  1322 | D:2      | Slain by a goblin

Skill      XL: |  1  2  3 |
---------------+----------+-----
Axes           | 2 |  2.2
Armour         | 2 |  2.0
Fighting       | |  3.9
Dodging        | |  0.9
Invocations    | |  2.4

Action                   || total
-------------------------++-------
Melee: Hand axe          ||    65
       Kick              ||    10
Invok: Depart the Abyss  ||     1
  Use: Scroll            ||     4
Armor: Leather armour    ||    34
Dodge: Dodged            ||    43
